 Dungeon Crawl Stone Soup version 0.29.1-15-g9cfb28693d (webtiles) character file.

Game seed: 6670651147726737054

1209 KyoPewz the Spear-Bearer (level 8, -1/56 HPs)
             Began as a Merfolk Gladiator on Mar 22, 2023.
             Was an Initiate of Hepliaklqana.
             Slain by an orc warrior
             ... wielding a +0 trident
              (12 damage)
             ... on level 7 of the Dungeon.
             The game lasted 00:28:12 (6616 turns).

KyoPewz the Spear-Bearer (Merfolk Gladiator)        Turns: 6616, Time: 00:28:12

Health: -1/56      AC:  8    Str: 16    XL:     8   Next: 45%
Magic:  8/8        EV: 14    Int:  7    God:    Hepliaklqana [......]
Gold:   123        SH:  0    Dex: 22    Spells: 7/7 levels left

rFire   . . .      SeeInvis .   I - +0 halberd
rCold   . . .      Faith    .   (shield currently unavailable)
rNeg    . . .      Spirit   .   j - +2 leather armour {Will+}
rPois   .          Reflect  .   c - +0 helmet
rElec   .          Harm     .   G - +0 cloak
rCorr   .          Rampage  .   (no gloves)
Will    ++...                   F - +0 pair of boots
Stlth   ++........              x - amulet of magic regeneration
HPRegen 0.18/turn               l - +6 ring of dexterity
MPRegen 0.51/turn               y - ring of willpower

@: lethally poisoned (-1 -> -8)
A: (nimble swimmer 2), mertail
a: Renounce Religion


You were on level 7 of the Dungeon.
You worshipped Hepliaklqana.
Hepliaklqana was noncommittal.
You visited 2 branches of the dungeon, and saw 8 of its levels.

You collected 288 gold pieces.
You spent 165 gold pieces at shops.

Inventory:

Hand Weapons
 I - a +0 halberd (weapon)
Missiles
 d - 4 throwing nets
 e - a javelin
 f - 42 stones (quivered)
 w - 13 boomerangs
 B - 12 poisoned darts
Armour
 c - a +0 helmet (worn)
 j - a +2 leather armour of willpower (worn)
 m - a +0 scale mail
 F - a +0 pair of boots (worn)
 G - a +0 cloak (worn)
Jewellery
 l - a +6 ring of dexterity (left hand)
 x - an amulet of magic regeneration (around neck)
 y - a ring of willpower (right hand)
Wands
 t - a wand of polymorph (7)
Scrolls
 a - a scroll of acquirement {unknown}
 g - a scroll of silence {unknown}
 i - 2 scrolls of amnesia {unknown}
 o - 2 scrolls of magic mapping {unknown}
 p - 2 scrolls of teleportation {unknown}
 r - a scroll of identify
 s - 2 scrolls of fear {unknown}
 u - 2 scrolls of enchant weapon
 v - 2 scrolls of immolation
 D - a scroll of noise {unknown}
 E - 2 scrolls of enchant armour {unknown}
 H - a scroll of vulnerability {unknown}
Potions
 b - 2 potions of brilliance
 h - 2 potions of haste
 k - 2 potions of cancellation
 q - 3 potions of curing
 z - a potion of berserk rage {unknown}
 A - a potion of experience {unknown}


   Skills:
 - Level 2.1 Fighting
 + Level 13.3 Polearms
 - Level 2.0 Throwing
 - Level 4.0 Dodging


You had 7 spell levels left.
You didn't know any spells.
Your spell library contained the following spells:

 Spells                   Type           Power      Damage    Failure   Level
 Sting                    Tmut/Pois      0%         1d3       50%         1
 Confusing Touch          Hex            0%         N/A       86%         3
 Ignite Poison            Fire/Tmut/Pois 0%         N/A       86%         3
 Mephitic Cloud           Conj/Pois/Air  0%         N/A       86%         3
 Spider Form              Tmut/Pois      0%         N/A       86%         3
 Summon Guardian Golem    Hex/Summ       0%         N/A       86%         3
 Freezing Cloud           Conj/Ice/Air   0%         6-21      100%        5
 Yara's Violent Unravell  Hex/Tmut       0%         3d3       100%        5
 Enfeeble                 Hex            0%         N/A       100%        7
 Orb of Destruction       Conj           0%         9d5       100%        7
 Spellforged Servitor     Conj/Summ      0%         N/A       100%        7


Dungeon Overview and Level Annotations

Branches:
Dungeon (7/15)             Temple (1/1) D:7

Altars:
Ashenzari
Cheibriados
Elyvilon
Hepliaklqana
Kikubaaqudgha
Makhleb
Nemelex Xobeh
Qazlal
Ru
Sif Muna
Uskayaw
Yredelemnul
Zin

Shops:
D:2 =   D:4 *(*[

Annotations:
D:3 !yak and necrophage
D:4 exclusion: downstairs
D:5 exclusion: gnoll bouda


Innate Abilities, Weirdness & Mutations

((You are very nimble when in or above water. (Stealth+, EV+, Speed+++)))
Your lower body shifts to a powerful aquatic tail in water.


Message History

You regained 12 hp, and now have 34/56 hp.
You slash the killer bee!
The killer bee is severely wounded.
You feel sick. The killer bee closely misses you.
The killer bee stings you but does no damage.
The orc warrior hits you from afar with a +0 trident!
The killer bee misses you. The killer bee barely misses you.
You take 10 damage, and have 24/56 hp.
You barely miss the killer bee.
The killer bee is severely wounded.
You feel sick. The killer bee closely misses you.
The killer bee stings you but does no damage.
The orc warrior misses you.
You take 1 damage, and have 23/56 hp.
You slash the killer bee!
You kill the killer bee!
The killer bee closely misses you.
The killer bee stings you but does no damage.
The orc warrior completely misses you.
You closely miss the killer bee.
You feel sick. The killer bee barely misses you.
You take 1 damage, and have 23/56 hp.
You closely miss the killer bee.
You feel sick. The killer bee stings you. The orc warrior closely misses you.
The killer bee stings you.
* * * LOW HITPOINT WARNING * * *
You are more poisoned.
The killer bee poisons you!
You take 7 damage, and have 16/56 hp.
You hit the killer bee.
The killer bee is lightly wounded.
You feel sick. The killer bee stings you.
* * * LOW HITPOINT WARNING * * *
The orc warrior misses you. The killer bee completely misses you.
You take 3 damage, and have 13/56 hp.
You barely miss the killer bee.
The killer bee is lightly wounded.
You feel sick.
The killer bee stings you but does no damage.
The orc warrior hits you from afar with a +0 trident!
You die...

.###..<.#...####
#.....>#.......
#......##..####
#...#..##..####
########.......
#####.....########
###...#.....#...#...
#oy†8....>....8.....
...Yoo#@..#.....#...#...


.Y.Yo #####.....#####... .YY. ########...... ... #...... .. #...... . #######
You could see an orc warrior and a killer bee.

Vanquished Creatures
  Grinder (D:5)
  Eustachio (D:6)
  An ice beast (D:6)
  A phantom (D:5)
  A bullfrog (D:6)
  A necrophage (D:6)
  2 scorpions
  2 killer bees (D:7)
  2 electric eels (D:6)
  A hound (D:6)
  Natasha (thrice) (D:2)
  8 gnolls
  5 adders
  2 white imps
  2 worms
  A dart slug (D:3)
  2 orcs
  4 endoplasms
  2 giant cockroaches
  5 goblins
  5 hobgoblins
  3 jackals (D:4)
  A quokka (D:1)
  4 ball pythons
  6 bats
  5 frilled lizards
  7 kobolds
  9 rats
87 creatures vanquished.

Vanquished Creatures (others)
  3 plants (D:6)
3 creatures vanquished.

Grand Total: 90 creatures vanquished

Notes
Turn   | Place    | Note
-------+----------+-------------------------------------------
     0 | D:1      | KyoPewz the Merfolk Gladiator began the quest for the Orb.
     0 | D:1      | Reached XP level 1. HP: 16/16 MP: 1/1
   351 | D:1      | Reached XP level 2. HP: 22/22 MP: 2/2
   509 | D:1      | Reached skill level 5 in Polearms
  1025 | D:2      | Found Hiovaan's Jewellery Boutique.
  1036 | D:2      | Reached XP level 3. HP: 27/27 MP: 3/3
  1201 | D:2      | Noticed Natasha
  1209 | D:2      | Killed Natasha
  1210 | D:2      | Reached skill level 6 in Polearms
  1378 | D:2      | Noticed Natasha
  1403 | D:2      | Killed Natasha
  1404 | D:2      | Reached XP level 4. HP: 14/33 MP: 4/4
  1417 | D:2      | Noticed Natasha
  1434 | D:2      | Killed Natasha
  1435 | D:2      | Reached skill level 7 in Polearms
  1688 | D:2      | Found a faded altar of an unknown god.
  1862 | D:2      | You fall into a shaft and drop 2 floors!
  1960 | D:3      | Reached XP level 5. HP: 38/38 MP: 5/5
  3088 | D:4      | Found Annoanem's Armour Emporium.
  3137 | D:4      | Reached skill level 8 in Polearms
  3368 | D:4      | Found Dutaupn's General Store.
  3370 | D:4      | Found Deiwyt's General Store.
  3372 | D:4      | Found Mehirru's Antique Weapon Emporium.
  3396 | D:4      | Got the Tome of Venomous Bewitchment
  3412 | D:4      | Bought a +0 pair of boots for 54 gold pieces
  3420 | D:4      | Bought a +0 cloak for 54 gold pieces
  3434 | D:4      | Bought a potion of curing for 33 gold pieces
  3438 | D:4      | Bought a scroll of identify for 24 gold pieces
  3992 | D:5      | Entered Level 5 of the Dungeon
  3992 | D:5      | Noticed a yak
  3992 | D:5      | Noticed a yak
  3992 | D:5      | Noticed a yak
  3992 | D:5      | Noticed a yak
  3992 | D:5      | Noticed a yak
  4424 | D:4      | Found Deiwyt's General Store.
  4424 | D:4      | Found Mehirru's Antique Weapon Emporium.
  4429 | D:4      | Found Annoanem's Armour Emporium.
  4433 | D:4      | Found Dutaupn's General Store.
  4762 | D:5      | Noticed a phantom
  4782 | D:5      | Killed a phantom
  4783 | D:5      | Reached skill level 9 in Polearms
  4783 | D:5      | Reached XP level 6. HP: 42/44 MP: 6/6
  5160 | D:5      | Noticed Grinder
  5165 | D:5      | Killed Grinder
  5166 | D:5      | Reached skill level 10 in Polearms
  5166 | D:5      | Reached XP level 7. HP: 44/50 MP: 7/7
  5293 | D:6      | Reached skill level 11 in Polearms
  5501 | D:6      | Noticed Eustachio
  5576 | D:6      | Killed Eustachio
  5577 | D:6      | Reached skill level 12 in Polearms
  5577 | D:6      | Reached XP level 8. HP: 56/56 MP: 8/8
  5939 | D:6      | Identified the +4 sling of the Three Suns {venom, rN+ rCorr
                  | Dex-2}
  6030 | D:6      | Reached skill level 13 in Polearms
  6440 | D:7      | Found a staircase to the Ecumenical Temple.
  6449 | Temple   | Entered the Ecumenical Temple
  6583 | Temple   | Became a worshipper of Hepliaklqana the Forgotten
  6604 | D:7      | Noticed a yak
  6604 | D:7      | Noticed a yak
  6605 | D:7      | Noticed a yak
  6606 | D:7      | Noticed a yak
  6606 | D:7      | Noticed a yak
  6616 | D:7      | Slain by an orc warrior

Illustrated notes

Levels and vault maps discovered:
D:1:      dpeg_arrival_round_c, layout_basic, grunt_decor_resistance
D:2:      layout_loops_ring, basic_ecumenical_altar, serial_shops, shop,
          uniq_natasha
D:3:      layout_basic, st_stairs_1
D:4:      layout_layer_cave, nrook_mini_backslash, minmay_shop_grid_forest,
          kennysheep_generic_room_14
D:5:      layout_basic, ebering_ghost_sewer_d, grunt_ministairs_2, uniq_grinder
D:6:      layout_gridville, serial_bayou_lake_a, uniq_eustachio
D:7:      layout_loops_cross, minmay_temple_entry_antechambers
Temple:   nicolae_temple_bog_church

Skill      XL: |  1  2  3  4  5  6  7  8 |
---------------+-------------------------+-----
Polearms       | 5 6 7 9 10 12 13 | 13.3
Fighting       | |  2.1
Throwing       | |  2.0
Dodging        | |  4.0

Action                   |  1- 3 |  4- 6 |  7- 9 || total
-------------------------+-------+-------+-------++-------
Melee: Trident           |    94 |   101 |       ||   195
       Punch             |       |     1 |       ||     1
       Halberd           |       |    33 |    67 ||   100
       Tailslap          |       |       |     1 ||     1
Throw: Throwing net      |       |     1 |       ||     1
       Dart              |       |     7 |       ||     7
       Stone             |       |       |     7 ||     7
  Use: Scroll            |       |     6 |       ||     6
       Potion            |       |     1 |     3 ||     4
 Stab: Sleeping          |     6 |     2 |       ||     8
       Distracted        |       |     1 |     1 ||     2
Armor: Leather armour    |    23 |    19 |    23 ||    65
Dodge: Dodged            |    32 |    50 |    75 ||   157
